 Dungeon Crawl Stone Soup version 0.27-a0-34-gc18c9092ac (webtiles) character file.

Game seed: 13688565694555901311

8550 funkygono the Thaumaturge (level 11, -7/84 HPs)
             Began as a Grey Draconian Air Elementalist on Jan 3, 2021.
             Was a Believer of Vehumet.
             Mangled by a four-headed hydra (14 damage)
             ... on level 1 of the Lair of Beasts on Jan 4, 2021.
             The game lasted 00:33:50 (13924 turns).

funkygono the Thaumaturge (DrAE)                   Turns: 13924, Time: 00:33:50

Health: -7/84      AC: 18    Str: 11    XL:     11   Next: 11%
Magic:  5/24       EV: 15    Int: 19    God:    Vehumet [**....]
Gold:   563        SH:  0    Dex: 17    Spells: 12/28 levels left

rFire    . . .     SeeInvis .   H - +5 mace (curse)
rCold    . . .     Faith    .   (no shield)
rNeg     . . .     Spirit   .   (armour unavailable)
rPois    .         Reflect  .   (helmet restricted)
rElec    .         Harm     .   B - +1 cloak
rCorr    .         Rampage  +   E - +0 pair of gloves
Will     .....                  r - +2 pair of boots {rampage}
Stlth    ++........             (no amulet)
HPRegen  0.24/turn              g - ring of wizardry
MPRegen  0.19/turn              f - +6 ring of dexterity

@: no status effects
A: walk through water, unfitting armour, unbreathing, cold-blooded, AC +12
a: Renounce Religion


You were on level 1 of the Lair of Beasts.
You worshipped Vehumet.
Vehumet was pleased with you.
You visited 3 branches of the dungeon, and saw 12 of its levels.

You collected 563 gold pieces.

Inventory:

Hand Weapons
 u - a +2 mace of protection
 H - a cursed +5 mace (weapon)
Missiles
 t - 428 stones
Armour
 d - a +0 tower shield
 r - a +2 pair of boots of rampaging (worn)
 B - a +1 cloak (worn)
 E - a +0 pair of gloves (worn)
Magical Staves
 y - an uncursed staff of earth
Jewellery
 f - a +6 ring of dexterity (right hand)
 g - a ring of wizardry (left hand)
 v - an uncursed ring of flight
 I - an uncursed ring of positive energy
Wands
 x - a wand of flame (21)
 A - a wand of iceblast (8)
 F - a wand of paralysis (4)
Scrolls
 a - 5 scrolls of remove curse
 c - a scroll of blinking
 h - 2 scrolls of amnesia
 l - 7 scrolls of teleportation
 q - 2 scrolls of fog
 w - a scroll of fear
 C - a scroll of magic mapping
Potions
 b - 3 potions of heal wounds
 e - a potion of mutation
 i - 5 potions of curing
 k - 3 potions of magic
 o - a potion of lignification
 p - a potion of attraction
 s - a potion of haste
 z - 4 potions of brilliance {unknown}
 D - a potion of berserk rage {unknown}
 G - a potion of flight {unknown}


   Skills:
 + Level 4.0 Fighting
 + Level 5.8 Maces & Flails
 + Level 5.4 Dodging
 - Level 2.0 Stealth
 + Level 9.2 Spellcasting
 + Level 6.7 Conjurations
 + Level 7.8 Air Magic


You had 12 spell levels left.
You knew the following spells:

 Your Spells              Type           Power        Failure   Level
a - Shock                 Conj/Air       100%         1%          1
b - Swiftness             Air            38%          1%          2
c - Static Discharge      Conj/Air       36%          1%          3
d - Airstrike             Air            19%          1%          4
e - Lightning Bolt        Conj/Air       18%          4%          5
f - Magic Dart            Conj           100%         1%          1

Your spell library contained the following spells:

 Spells                   Type           Power        Failure   Level
 Corona                   Hex            8%           3%          1
 Slow                     Hex            8%           4%          2
 Inner Flame              Hex/Fire       8%           10%         3
 Portal Projectile        Hex/Tloc       16%          10%         3
 Cause Fear               Hex            4%           32%         4
 Leda's Liquefaction      Hex/Erth       4%           32%         4


Dungeon Overview and Level Annotations

Branches:
Dungeon (10/15)            Temple (1/1) D:6            Lair (1/6) D:10
    Orc: D:9-12

Altars:
Ashenzari
Cheibriados
Dithmenos
Elyvilon
Fedhas
Gozag
Hepliaklqana
Kikubaaqudgha
Makhleb
Nemelex Xobeh
Okawaru
Qazlal
Ru
Sif Muna
Trog
Uskayaw
Vehumet
Wu Jian
Xom
Yredelemnul
Zin
The Shining One


Innate Abilities, Weirdness & Mutations

You can walk through water.
Your dull iron-grey scales are very hard. (AC +12)
You cannot fit into any form of body armour.
You can survive without breathing.
You are cold-blooded and may be slowed by cold attacks.


Message History

You hit the four-headed hydra.
Your tail-slap misses the four-headed hydra.
The four-headed hydra is severely wounded.
The four-headed hydra bites you!
* * * LOW HITPOINT WARNING * * *
The four-headed hydra bites you.
* * * LOW HITPOINT WARNING * * *
The four-headed hydra barely misses you.
The four-headed hydra bites you.
* * * LOW HITPOINT WARNING * * *
There is an open door here.
You feel much better. The four-headed hydra bites you!
* * * LOW HITPOINT WARNING * * *
The four-headed hydra closely misses you. x2
The four-headed hydra bites you.
* * * LOW HITPOINT WARNING * * *
The four-headed hydra bites you!
* * * LOW HITPOINT WARNING * * *
The four-headed hydra bites you!
You die...

####### #.....#####
### ###
#....+....####.###.###
#....#.##..#.........#
#....####..'.@......##
####....#
#.##..D.....#
#.......#
###.........#
#.##....# ##........#
..#.....# #P...)....#
####....# ##P.......##
###+### #........P#
#...# ##.P#P..###
###.# ####...#


You could see a four-headed hydra.

Vanquished Creatures
  2 two-headed ogres
  An unseen horror (D:10)
  A manticore (D:8)
  A centaur zombie (D:10)
  2 komodo dragons (Lair:1)
  A vampire (D:10)
  A spriggan (D:8)
  A wyvern (D:10)
  6 yaks (Lair:1)
  Edmund (D:5)
  A sky beast (D:9)
  An orc warrior (D:10)
  2 necrophages
  3 black bears
  4 ice beasts
  A phantom (D:4)
  4 centaurs
  6 ogres
  Blork the orc (D:4)
  7 bullfrogs
  5 killer bees (D:8)
  11 wights
  4 howler monkeys
  A bullfrog zombie (D:8)
  A quasit (D:4)
  A bullfrog skeleton (D:5)
  3 orc wizards (D:10)
  A gnoll shaman (D:6)
  2 orc priests
  2 centaur skeletons
  A hound (D:10)
  3 jellies
  2 iguanas
  Ijyb (D:5)
  8 worker ants
  A hound skeleton (D:5)
  4 gnolls
  A howler monkey zombie (D:9)
  7 adders
  A shadow imp (D:5)
  2 white imps
  An ufetubus (D:4)
  3 oozes
  2 adder skeletons
  An adder zombie (D:6)
  3 worms
  3 leopard geckos
  11 orcs
  A ball python (D:1)
  4 giant cockroaches
  7 goblins
  5 hobgoblins
  8 jackals
  7 kobolds
  5 quokkas
  5 bats
  2 frilled lizards (D:1)
  A jackal skeleton (D:4)
  A leopard gecko zombie (D:5)
  A quokka zombie (D:6)
  4 rats
184 creatures vanquished.

Vanquished Creatures (others)
  A fungus (Lair:1)
  A plant (Lair:1)
2 creatures vanquished.

Grand Total: 186 creatures vanquished

Notes
Turn   | Place    | Note
-------+----------+-------------------------------------------
     0 | D:1      | funkygono the Draconian Air Elementalist began the quest
                  | for the Orb.
     0 | D:1      | Reached XP level 1. HP: 14/14 MP: 3/3
   356 | D:1      | Reached XP level 2. HP: 22/22 MP: 0/5
   359 | D:1      | Learned a level 2 spell: Swiftness
   845 | D:1      | Reached XP level 3. HP: 27/27 MP: 1/6
   849 | D:1      | Learned a level 3 spell: Static Discharge
  1896 | D:2      | Reached XP level 4. HP: 34/34 MP: 1/7
  2116 | D:3      | Reached skill level 1 in Fighting
  2956 | D:4      | Found a shadowy altar of Dithmenos.
  3107 | D:4      | Noticed Blork the orc
  3126 | D:4      | Killed Blork the orc
  3127 | D:4      | Reached skill level 1 in Maces & Flails
  3127 | D:4      | Reached XP level 5. HP: 22/40 MP: 1/9
  3372 | D:4      | Reached skill level 3 in Spellcasting
  3969 | D:4      | Learned a level 4 spell: Airstrike
  4022 | D:5      | Entered Level 5 of the Dungeon
  4022 | D:5      | Noticed a phantom
  4054 | D:5      | Noticed an ogre
  4059 | D:5      | Noticed Edmund
  4296 | D:4      | Killed a phantom
  4297 | D:4      | Reached XP level 6. HP: 31/47 MP: 0/11
  4481 | D:5      | Killed Edmund
  4591 | D:5      | Reached skill level 5 in Air Magic
  4591 | D:5      | Your scales start taking on a dull iron-grey colour.
  4591 | D:5      | Reached XP level 7. HP: 41/53 MP: 8/12
  4591 | D:5      | Gained mutation: You can survive without breathing. [Grey
                  | Draconian growth]
  5025 | D:5      | Reached skill level 4 in Spellcasting
  5149 | D:5      | Noticed Ijyb
  5162 | D:5      | Killed Ijyb
  5800 | D:6      | Found a staircase to the Ecumenical Temple.
  5807 | Temple   | Entered the Ecumenical Temple
  5826 | Temple   | Became a worshipper of Vehumet
  5979 | D:6      | Found a burning altar of Makhleb.
  6193 | D:6      | Reached XP level 8. HP: 17/61 MP: 9/14
  6795 | D:6      | Learned a level 5 spell: Lightning Bolt
  7023 | D:7      | Reached skill level 5 in Spellcasting
  7277 | D:7      | Reached skill level 5 in Air Magic
  7314 | D:7      | Reached skill level 5 in Conjurations
  7421 | D:7      | Found an ancient bone altar of Kikubaaqudgha.
  7423 | D:7      | Found a glowing golden altar of the Shining One.
  8277 | D:8      | Reached XP level 9. HP: 68/68 MP: 13/17
  8888 | D:8      | Reached * piety under Vehumet
  8888 | D:8      | Offered knowledge of Freeze by Vehumet.
  8889 | D:8      | Reached skill level 6 in Spellcasting
  9100 | D:8      | Noticed a manticore
  9105 | D:8      | Killed a manticore
  9734 | D:9      | Reached skill level 7 in Spellcasting
 10091 | D:9      | Noticed a two-headed ogre
 10120 | D:9      | Killed a two-headed ogre
 10121 | D:9      | Reached XP level 10. HP: 77/77 MP: 8/21
 10363 | D:9      | Found a hide-covered altar of Uskayaw.
 10742 | D:10     | Entered Level 10 of the Dungeon
 10799 | D:10     | Reached skill level 8 in Spellcasting
 11363 | D:10     | Reached ** piety under Vehumet
 11576 | D:10     | Offered knowledge of Magic Dart by Vehumet.
 12047 | D:10     | Noticed a two-headed ogre
 12054 | D:10     | Killed a two-headed ogre
 12055 | D:10     | Reached skill level 5 in Maces & Flails
 12335 | D:10     | Killed an unseen horror
 12336 | D:10     | Reached skill level 5 in Dodging
 12523 | D:10     | Found a staircase to the Lair.
 12574 | D:10     | Reached skill level 9 in Spellcasting
 12740 | D:10     | Learned a level 1 spell: Magic Dart
 12817 | D:10     | Upgraded the game from 0.27-a0-29-g2d0a2396b0 to
                  | 0.27-a0-34-gc18c9092ac
 12828 | Lair:1   | Entered Level 1 of the Lair of Beasts
 13148 | Lair:1   | Reached XP level 11. HP: 78/83 MP: 10/24
 13855 | Lair:1   | Noticed a four-headed hydra
 13912 | Lair:1   | HP: 4/84 [four-headed hydra (3)]
 13924 | Lair:1   | Mangled by a four-headed hydra

Illustrated notes

Levels and vault maps discovered:
D:1:      dpeg_arrival_castle, layout_basic, corexii_item_surrounded_by_moat
D:2:      layout_basic, columned_hall_lemuel
D:3:      layout_basic
D:4:      layout_loops_ring, marbit_many_paths, uniq_blork_the_orc
D:5:      layout_rooms, uniq_ijyb, uniq_edmund
D:6:      layout_loops_ring, minmay_temple_entry_statues_pillars, fountainhead,
          bloody_makhleb
D:7:      layout_loops_corners, chequers_temple_overflow_statue_of_worship
D:8:      layout_basic, the_bakery
D:9:      layout_big_octagon, lemuel_coloured_pillars_altar
D:10:     layout_cave_pods, lair_entry_dummy, dk_noncrumbling_4
Temple:   hc_temple_tempest_star
Lair:1:   layout_roguey, beast_lair_carwin_1, lemuel_fruit_tree,
          grunt_megastairs_3

Skill      XL: |  1  2  3  4  5  6  7  8  9 10 11 |
---------------+----------------------------------+-----
Stealth        | 2 |  2.0
Dodging        | 2 3 4 5 |  5.4
Fighting       | 1 2 3 4 |  4.0
Conjurations   | 2 3 4 5 6 |  6.7
Maces & Flails | 1 2 4 5 |  5.8
Air Magic      | 4 4 5 6 7 |  7.8
Spellcasting   | 3 4 5 7 9 |  9.2

Action                   |  1- 3 |  4- 6 |  7- 9 | 10-12 || total
-------------------------+-------+-------+-------+-------++-------
Melee: Club              |    18 |       |       |       ||    18
       Unarmed           |     5 |       |       |       ||     5
       Tailslap          |     2 |    11 |    16 |    15 ||    44
       Whip              |    13 |    35 |    20 |       ||    68
       Mace              |       |       |    14 |    76 ||    90
       Flail             |       |       |    87 |    24 ||   111
 Cast: Shock             |    88 |   100 |   205 |    94 ||   487
       Static Discharge  |       |     5 |    18 |     3 ||    26
       Airstrike         |       |       |    20 |    21 ||    41
       Lightning Bolt    |       |       |       |    16 ||    16
  Use: Scroll            |     6 |     9 |     5 |     2 ||    22
       Potion            |       |       |       |     1 ||     1
 Stab: Sleeping          |       |       |     1 |       ||     1
Armor: Skin              |    18 |    19 |   136 |   104 ||   277
Dodge: Dodged            |    52 |    35 |   176 |    79 ||   342

Table legend: (Time is in decaauts)
 A = Elapsed time spent in this place.
 B = Non-inter-level travel time spent in this place.
 C = Inter-level travel time spent in this place.
 D = Time resting spent in this place.
 E = Time spent auto-exploring this place.
 F = Levels seen in this place.
 G = Mean time per level.
                   A        B        C        D        E       F      G
               +--------+--------+--------+--------+--------+-----+--------+
         Total |  13982 |  13668 |    314 |    966 |  10655 |  12 | 1165.2 |
       Dungeon |  12769 |  12478 |    291 |    966 |   9628 |  10 | 1276.9 |
        Temple |    113 |     92 |     21 |      0 |     84 |   1 |  113.0 |
          Lair |   1098 |   1098 |      0 |      0 |    943 |   1 | 1098.0 |
               +--------+--------+--------+--------+--------+-----+--------+

Top non-repeatable levels by time:
     D:8: 1832 daAuts
     D:4: 1802 daAuts
    D:10: 1793 daAuts
     D:1: 1433 daAuts
     D:6: 1410 daAuts
     D:9: 1243 daAuts
     D:7: 1164 daAuts
  Lair:1: 1098 daAuts
     D:3: 828 daAuts
     D:5: 664 daAuts
     D:2: 596 daAuts
  Temple: 113 daAuts
